Map: 드림캐처 - 래더

Players

LiquidMaNa (MaNa)

  • Race: Protoss Protoss
  • League: Master
  • Spawn Location: 5:00

LiquidTaeJa (TaeJa) - Winner!

  • Race: Terran Terran
  • League: Diamond
  • Spawn Location: 11:00

Event: HomeStory Cup XVIII

VOD

Have the link to the VOD?

Description

Time

  • Played on: Nov. 23, 2018, 11:48 a.m.
  • Length: 8:31

All games in this series

Show
View Real Time Build Order
Export as new Build Order

LiquidMaNa Protoss 

Build Orders: Oracle Opening 

Get SALT Encoding   

  12  0:00  Probe  
  13  0:12  Probe  
  14  0:17  Pylon  
  14  0:23  Probe  
  15  0:32  Probe  
  15  0:36  Gateway  
  15  0:40  Probe  
  16  0:46  Assimilator  
  17  0:50  Probe  
  18  0:58  Probe  
  18  1:04  Assimilator  
  19  1:06  Probe  
  20  1:17  Probe  
  20  1:24  Cybernetics Core  
  21  1:26  Pylon  
  21  1:29  Probe  
  22  1:41  Probe  
  23  1:52  Adept  
  23  1:53  Nexus  
  25  2:10  Stargate  
  25  2:12  Probe  
  26  2:17  Adept  
  28  2:24  Probe  
  28  2:28  Warp Gate  
  29  2:36  Pylon, Probe  
  30  2:49  Probe  
  31  2:51  Oracle  
  31  2:54  Adept  
  36  3:04  Probe  
  35  3:13  Probe  
  35  3:16  Probe  
  35  3:22  Adept  
  35  3:25  Oracle, Probe  
  38  3:32  Probe  
  42  3:39  Gateway  
  42  3:42  Gateway  
  42  3:46  Probe  
  43  4:02  Oracle, Probe x2  
  39  4:06  Pylon  
  41  4:10  Probe x2  
  43  4:18  Probe x2  
  45  4:31  Probe x2  
  43  4:35  Stalker  
  43  4:36  Stalker x2  
  50  4:43  Probe x2  
  52  4:50  Nexus  
  52  4:57  Stalker  
  52  4:59  Stalker  
  56  5:03  Stalker  
  56  5:05  Probe  
  56  5:06  Probe  
  60  5:11  Assimilator  
  60  5:18  Stalker  
  56  5:23  Stalker  
  56  5:27  Probe  
  54  5:29  Probe  
  53  5:39  Probe  
  53  5:41  Probe  
  51  5:48  Stalker x2  
  51  5:49  Probe  
  50  5:53  Sentry, Probe  
  54  5:57  Probe  
  54  6:03  Probe  
  56  6:05  Probe  
  56  6:06  Probe  
  56  6:07  Robotics Facility  
  58  6:13  Adept  
  58  6:15  Probe  
  58  6:17  Probe  
  58  6:18  Probe  
  57  6:36  Stalker x3  
  57  6:37  Probe x2  
  57  6:38  Probe  
  64  6:42  Immortal  
  64  6:43  Pylon  
  64  6:44  Pylon  
  64  6:49  Probe  
  65  6:57  Robotics Bay  
  67  7:01  Probe  
  67  7:04  Assimilator  
  68  7:09  Adept x3  
  68  7:11  Probe x2  
  68  7:14  Observer  
  76  7:16  Pylon  
  77  7:24  Probe x3  
  80  7:32  Pylon  
  80  7:34  Colossus  
  80  7:36  Shield Battery, Pylon, Zealot x2  
  84  7:46  Probe x2  
  84  7:50  Observer  
  87  7:55  Stalker  
  86  7:59  Probe x2  
  86  8:00  Probe  
  86  8:05  Stalker x2  
  79  8:07  Probe  
  79  8:08  Probe x2  
  81  8:16  Probe x3  
  81  8:18  Shield Battery  
  82  8:22  Stalker  
Show
View Real Time Build Order
Export as new Build Order

LiquidTaeJa Terran - Winner!

Build Orders: Gas First Reaper Expand, Reaper Expand 

Get SALT Encoding   

  12  0:00  SCV  
  13  0:12  SCV  
  14  0:17  Supply Depot  
  14  0:24  SCV  
  14  0:27  Refinery  
  15  0:38  SCV  
  16  0:44  Barracks  
  16  0:50  SCV  
  17  1:02  SCV  
  18  1:15  SCV  
  19  1:30  Orbital Command  
  19  1:31  Reaper  
  20  1:46  Command Center  
  20  1:53  Factory  
  20  1:57  SCV  
  21  2:04  Refinery  
  21  2:06  Barracks Reactor  
  21  2:09  SCV  
  21  2:15  Supply Depot  
  22  2:21  SCV  
  23  2:36  SCV  
  26  2:37  Hellion  
  26  2:40  Starport  
  26  2:42  Marine  
  26  2:43  Marine  
  28  2:48  SCV  
  30  2:58  Widow Mine  
  30  3:02  Marine  
  31  3:08  Marine  
  31  3:11  SCV  
  32  3:12  Orbital Command  
  34  3:22  Widow Mine  
  34  3:23  SCV  
  34  3:24  Viking  
  37  3:28  Marine  
  37  3:30  Marine  
  39  3:35  SCV  
  39  3:38  SCV  
  41  3:46  Marine  
  41  3:48  Marine  
  43  3:51  Supply Depot  
  40  4:00  SCV  
  40  4:01  SCV  
  40  4:02  Factory Tech Lab  
  38  4:08  Bunker  
  38  4:13  SCV x2  
  38  4:14  Barracks Tech Lab  
  38  4:15  Barracks  
  40  4:17  Starport Reactor  
  40  4:18  Barracks  
  40  4:20  Engineering Bay  
  40  4:28  SCV x2  
  42  4:32  Marine  
  42  4:33  Stimpack, Factory Reactor  
  42  4:37  Supply Depot  
  43  4:40  SCV x2  
  45  4:47  Terran Infantry Weapons Level 1  
  45  4:50  Marine  
  45  4:52  SCV x2  
  47  5:02  Marine x2  
  47  5:04  SCV x2  
  51  5:08  Supply Depot  
  51  5:09  Marauder  
  51  5:10  Refinery  
  51  5:11  Combat Shield  
  51  5:13  Marauder  
  55  5:21  Marine x2  
  55  5:22  SCV x2  
  54  5:28  Medivac x2  
  54  5:33  Marauder  
  56  5:39  Marine  
  56  5:40  Marine  
  53  5:43  SCV  
  53  5:48  SCV  
  54  5:55  Marine, SCV  
  54  5:56  Marine  
  57  5:57  Marine  
  57  6:00  Widow Mine  
  57  6:01  Widow Mine  
  62  6:06  SCV  
  62  6:07  SCV  
  64  6:12  Marine  
  64  6:15  Marine  
  64  6:16  Supply Depot  
  65  6:18  Supply Depot  
  65  6:21  SCV x2  
  63  6:26  Marauder  
  63  6:27  Marauder  
  63  6:30  Marine  
  66  6:33  Marine, SCV x2  
  66  6:36  Concussive Shells  
  67  6:40  Supply Depot  
  67  6:45  SCV x2  
  68  6:51  Marauder x2  
  72  6:56  Medivac x2  
  76  7:02  Missile Turret, Command Center  
  76  7:06  Marine x2  
  78  7:11  Widow Mine x2  
  78  7:13  Marauder  
  86  7:15  Marauder  
  86  7:17  SCV x2  
  86  7:21  Supply Depot  
  88  7:23  Supply Depot  
  88  7:27  Marine x2  
  90  7:32  Widow Mine  
  90  7:33  Widow Mine  
  94  7:40  Refinery  
  94  7:42  Medivac x2  
  94  7:43  SCV x2  
  100  7:46  Marauder x2  
  104  8:01  Marine x2  
  104  8:05  SCV x2  
  104  8:08  Marauder x2  
  104  8:09  Barracks  
  104  8:10  Barracks  
Tags
 
Add a new tag
Caveats
  • Supply blocks, unpowered buildings, or Contaminate may cause inaccurate times.
  • Supply counts are checked every 10 seconds.